 Dungeon Crawl Stone Soup version 0.29-a0-553-g81b289dbe5 (webtiles) character file.

Game seed: 16037568103387969097

12 imWUMPUS the Insei (level 2, 22/22 HPs)
             Began as a Djinni Transmuter on June 7, 2022.
             Quit the game on level 1 of the Dungeon.
             The game lasted 00:02:02 (969 turns).

imWUMPUS the Insei (Djinni Transmuter)               Turns: 969, Time: 00:02:02

Health: 22/22      AC:  2    Str:  9    XL:     2   Next: 45%
Gold:   0          EV: 12    Int: 14    God:
                   SH:  0    Dex: 13

rFire   + + .      SeeInvis .     - Unarmed
rCold   x . .      Faith    .   (no shield)
rNeg    . . .      Spirit   .   a - +0 robe
rPois   ∞          Reflect  .   (no helmet)
rElec   .          Harm     .   (no cloak)
rCorr   .          Rampage  .   (no gloves)
Will    .....                   (boots unavailable)
Stlth   +.........              (no amulet)
HPRegen 0.07/turn               (no ring)
MPRegen 0.00/turn               (no ring)

@: flying
A: sickness immunity, fire resistance 2, cold vulnerability 1, float, innate
caster, HP casting, extra vitality 1
a: no special abilities


You were on level 1 of the Dungeon.
You visited 1 branch of the dungeon, and saw 1 of its levels.

Inventory:

Armour
 a - a +0 robe (worn)
Potions
 b - a potion of lignification


   Skills:
 + Level 1.0 Fighting
 + Level 2.3 Dodging
 + Level 3.4 Unarmed Combat
 + Level 1.7 Spellcasting


You couldn't memorise any spells.
You knew the following spells:

 Your Spells              Type           Power      Damage    Failure   Level
a - Beastly Appendage     Tmut           12%        N/A       12%         1
b - Wereblood             Tmut           6%         N/A       19%         2
c - Spider Form           Tmut/Pois      6%         N/A       36%         3
d - Ice Form              Ice/Tmut       6%         N/A       77%         4
Your spell library was empty.

Dungeon Overview and Level Annotations

Branches:
Dungeon (1/15)

Altars:


Innate Abilities, Weirdness & Mutations

You are immune to sickness and miasma.
You are immune to poison.
Your flesh is very heat resistant. (rF++)
You are vulnerable to cold. (rC-)
You float through the air rather than walking.
You learn spells naturally, not from books.
Your magical power is your life essence.
You have superior vitality. (+4 MHP)


Message History

Things that are here:
a +0 club; a gnoll corpse You see here a rat skeleton.
The bat hits you. The bat barely misses you.
Casting: Beastly Appendage (safe; 12% risk of failure)
Confirm with . or Enter, or press ? or * to list all spells.
You grow a pair of large bovine horns.
The bat misses you.
You miss the bat. The bat closely misses you.
The bat hits you but does no damage.
You miss the bat. Your headbutt misses the bat. The bat barely misses you.
The bat misses you.
You hit the bat.
You kill the bat!
You miss the frilled lizard. The frilled lizard bites you.
You hit the frilled lizard.
You kill the frilled lizard!
Your transformation is almost over.
You barely miss the rat. The rat closely misses you.
You hit the rat.
You kill the rat!
You start resting.
Your horns disappear.
HP restored.
You start waiting.
Done waiting.
You start waiting.
Done waiting.
You start waiting.
Done waiting.
You start waiting.
Done waiting.
You start waiting.
Done waiting.
You start waiting.
Done waiting.
Unknown command.
Welcome back, imWUMPUS the Djinni Transmuter.
Press ? for a list of commands and other information.
Are you sure you want to abandon this character and quit the game? (Confirm with "yes".)

....##...# .. #...##...# ...
########## #...##...# ....
.........#### #...##...##.....
####'####...###...##..........
#...# ####.###.)............
#...# ##.##.#.r..........
###'### #.##.#............
##.....## ##.#@#..#####.....
#.......# #.#.#..#!$$#.....
+...<...+ #...#..#[$?#.....
#.......# #.###..#$(=#.....
##.....## #.# #..#####.....
###+### .## #. .# .#


There were no monsters in sight!

Vanquished Creatures
  A gnoll (D:1)
  A bat (D:1)
  A frilled lizard (D:1)
  2 rats (D:1)
5 creatures vanquished.

Notes
Turn   | Place    | Note
-------+----------+-------------------------------------------
     0 | D:1      | imWUMPUS the Djinni Transmuter began the quest for the Orb.
     0 | D:1      | Reached XP level 1. HP: 17/17 MP: 0/0
    45 | D:1      | Reached XP level 2. HP: 9/22 MP: 0/0
   969 | D:1      | Quit the game

Illustrated notes

Levels and vault maps discovered:
D:1:      dpeg_arrival_another_circle, layout_basic, grunt_decor_mini_mirrors,
          due_unseen_surprise

Action                   || total
-------------------------++-------
Melee: Unarmed           ||    19
       Headbutt          ||     3
       Punch             ||     1
 Cast: Beastly Appendage ||     4
Armor: Robe              ||     7
Dodge: Dodged            ||    23

Table legend: (Time is in decaauts)
 A = Elapsed time spent in this place.
 B = Non-inter-level travel time spent in this place.
 C = Inter-level travel time spent in this place.
 D = Time resting spent in this place.
 E = Time spent auto-exploring this place.
 F = Levels seen in this place.
 G = Mean time per level.
                   A        B        C        D        E       F      G
               +--------+--------+--------+--------+--------+-----+--------+
         Total |    968 |    968 |      0 |    892 |     14 |   1 |  968.0 |
       Dungeon |    968 |    968 |      0 |    892 |     14 |   1 |  968.0 |
               +--------+--------+--------+--------+--------+-----+--------+

Top non-repeatable levels by time:
     D:1: 968 daAuts
